 Dungeon Sprint DCSS version 0.20.1-1-g8b1a95d (console) character file.

2100000 hilaritas the Axe Maniac (level 21, -10/204 HPs)
             Began as a Barachi Gladiator on Jan 1, 2018.
             Was a High Priest of Makhleb.
             Mangled by a meat berserker
             ... wielding a +9 battleaxe
              (73 damage)
             ... in the Dungeon (Sprint VIII: "Arena of Blood").
             The game lasted 00:01:45 (21 turns).

hilaritas the Axe Maniac (Barachi Gladiator)          Turns: 21, Time: 00:01:46

Health: -10/204    AC:  8    Str: 24    XL:     21   Next: 73%
Magic:  17/44      EV: 31    Int:  9    God:    Makhleb [*****.]
Gold:   0          SH:  0    Dex: 15    Spells: 58/58 levels left

rFire    . . .     SeeInvis .   l - +∞ Axe of Woe
rCold    . . .     Gourm    .   (shield currently unavailable)
rNeg     . . .     Faith    .   b - +0 leather armour
rPois    .         Spirit   .   c - +0 helmet
rElec    .         Reflect  .   (no cloak)
rCorr    .         Harm     .   (no gloves)
MR       +....     NoTele   +   (no boots)
Stlth    +++++++++.             (no amulet)
Regen    0.5/turn               (no ring)
MPRegen  0.3/turn               (no ring)

@: slow
A: +LOS, swims, slowness 1, strong legs 2
a: Hop, Minor Destruction, Lesser Servant of Makhleb, Major Destruction, Greater
Servant of Makhleb, Renounce Religion


You were in the Dungeon.
You worshipped Makhleb.
Makhleb was extremely pleased with you.
You were not hungry.

You visited 1 branch

Inventory:

Hand Weapons
 a - a +0 war axe
 l - the +∞ Axe of Woe (weapon)
   (You found it in the Dungeon)
Missiles
 d - 3 throwing nets (quivered)
Armour
 b - a +0 leather armour (worn)
 c - a +0 helmet (worn)
Scrolls
 k - a scroll of blinking
Potions
 e - a potion of curing
 g - a potion of heal wounds
 h - a potion of haste
 i - 2 potions of magic
 j - a potion of berserk rage
Comestibles
 f - a bread ration


   Skills:
 O Level 27 Fighting
 O Level 27 Axes
 O Level 27 Throwing
 O Level 27 Armour
 O Level 27 Dodging
 O Level 27 Stealth
 + Level 20.5 Unarmed Combat
 + Level 19.1 Spellcasting
 O Level 27 Invocations


You had 58 spell levels left.
You didn't know any spells.

Dungeon Overview and Level Annotations

Branches:
Dungeon (1/1)

Altars:
Makhleb


Innate Abilities, Weirdness & Mutations

Shadows flee at your approach. (+LOS)
You can swim through water.
You cover ground slowly.
You can hop longer distances.


Message History

You hear a shout! x2
The destroyer blinks!
You hear a shout! 3 orcs come into view.
The bag of meat shouts!
You hear a shout! x2
The meat berserker rages.
The meat berserker hits you with a +9 battleaxe!!!
You hear a shout!
The meat berserker is engulfed in blazing flames.
You hear a shout!
The meat berserker is engulfed in blazing flames.
You hear a shout!
The meat berserker closely misses you.
The meat berserker rages.
You hear a shout!
The meat berserker is engulfed in blazing flames.
The meat berserker hits you with a +9 battleaxe!!!
The meat berserker closely misses you.
The meat berserker hits you with a +9 battleaxe!!!!
You die...

... ...... .. ..... #.
.....# ........o.
#.......# ....o.....#
.###.. ....###..o...O.o.
......###.......o.....###
......_...O....§o.......
#.....#......o#.#..
#_.<._#.....o....
..#....)#).))OO#V#.#...
......_o)o)o.OO@.....o..
......###.o).§OOO.#.#.#o.
o###.......###§oO.o...
#.......#.....O..O...
#.......#..o.....O.o.
.....o......o..........
.............#...#.....
o...........#o...#ooo..
..........## ....# ...O


You could see a destroyer, 13 meat berserkers and 22 bags of meat.

Vanquished Creatures
  9 ogres (D)
  A two-headed ogre (D)
  10 orcs (D)
20 creatures vanquished.

Notes
Turn   | Place    | Note
-------+----------+-------------------------------------------
     0 | D        | hilaritas the Barachi Gladiator began the quest for the Orb.
     0 | D        | Reached XP level 1. HP: 17/17 MP: 1/1
     3 | D        | Noticed a bag of meat
     3 | D        | Noticed a bag of meat
     4 | D        | Noticed a bag of meat
     4 | D        | Became a worshipper of Makhleb the Destroyer
     5 | D        | Noticed a meat berserker
     5 | D        | Noticed a bag of meat
     6 | D        | Killed a meat berserker
     6 | D        | Reached skill level 27 in Axes
     6 | D        | Reached XP level 2. HP: 54/54 MP: 2/2
     6 | D        | Reached XP level 3. HP: 60/60 MP: 3/3
     6 | D        | Reached XP level 4. HP: 68/68 MP: 4/4
     6 | D        | Reached XP level 5. HP: 74/74 MP: 5/5
     6 | D        | Reached XP level 6. HP: 82/82 MP: 6/6
     6 | D        | Reached XP level 7. HP: 88/88 MP: 7/7
     6 | D        | Reached XP level 8. HP: 96/96 MP: 8/8
     6 | D        | Reached XP level 9. HP: 102/102 MP: 9/9
     6 | D        | Reached XP level 10. HP: 110/110 MP: 10/10
     6 | D        | Reached XP level 11. HP: 116/116 MP: 11/11
     6 | D        | Reached XP level 12. HP: 124/124 MP: 12/12
     6 | D        | Gained mutation: You can hop longer distances. [Barachi growth]
     6 | D        | Reached XP level 13. HP: 130/130 MP: 13/13
     7 | D        | Noticed a bag of meat
     7 | D        | Noticed a meat berserker
     7 | D        | Noticed a bag of meat
     7 | D        | Noticed a meat berserker
     8 | D        | Noticed a bag of meat
     8 | D        | Noticed a bag of meat
     8 | D        | Noticed a bag of meat
     8 | D        | Killed a bag of meat
     8 | D        | Reached * piety under Makhleb
     8 | D        | Reached XP level 14. HP: 148/150 MP: 14/14
     9 | D        | Noticed a bag of meat
     9 | D        | Killed a meat berserker
     9 | D        | Reached skill level 27 in Fighting
     9 | D        | Reached XP level 15. HP: 159/159 MP: 15/15
    10 | D        | Killed a meat berserker
    10 | D        | Reached skill level 27 in Dodging
    10 | D        | Reached XP level 16. HP: 167/167 MP: 15/19
    10 | D        | Reached ** piety under Makhleb
    11 | D        | Noticed a meat berserker
    11 | D        | Noticed a meat berserker
    11 | D        | Noticed a large bag of meat
    11 | D        | Noticed a meat berserker
    12 | D        | Noticed a meat berserker
    12 | D        | Reached XP level 17. HP: 174/174 MP: 15/31
    14 | D        | Noticed a meat berserker
    14 | D        | Noticed a meat berserker
    14 | D        | Reached *** piety under Makhleb
    15 | D        | Noticed a meat berserker
    16 | D        | Noticed a meat berserker
    16 | D        | Noticed a meat berserker
    16 | D        | Killed a meat berserker
    16 | D        | Reached skill level 27 in Invocations
    16 | D        | Reached XP level 18. HP: 142/182 MP: 16/35
    16 | D        | Reached **** piety under Makhleb
    16 | D        | Reached skill level 27 in Armour
    16 | D        | Killed a meat berserker
    16 | D        | Reached XP level 19. HP: 189/189 MP: 16/36
    16 | D        | Killed a meat berserker
    17 | D        | Noticed a meat berserker
    17 | D        | Noticed a destroyer
    18 | D        | Noticed a meat berserker
    18 | D        | Noticed a meat berserker
    18 | D        | Noticed a meat berserker
    18 | D        | Noticed a meat berserker
    18 | D        | Killed a meat berserker
    18 | D        | Reached skill level 27 in Stealth
    18 | D        | Reached XP level 20. HP: 197/197 MP: 16/37
    19 | D        | Noticed a meat berserker
    19 | D        | Noticed a meat berserker
    19 | D        | Noticed a meat berserker
    20 | D        | Noticed a meat berserker
    20 | D        | Noticed a meat berserker
    20 | D        | Killed a large bag of meat
    20 | D        | Reached ***** piety under Makhleb
    20 | D        | Killed a meat berserker
    20 | D        | Reached skill level 27 in Throwing
    20 | D        | Reached XP level 21. HP: 48/204 MP: 17/38
    20 | D        | Reached skill level 10 in Spellcasting
    20 | D        | Reached skill level 15 in Unarmed Combat
    20 | D        | Killed a meat berserker
    21 | D        | Mangled by a meat berserker

Skill      XL: |  1  2  3  4  5  6  7  8  9 10 11 12 13 14 15 16 17 18 19 20 21 |
---------------+----------------------------------------------------------------+-----
Axes           | 27 | 27.0
Fighting       | 21 26 27 | 27.0
Dodging        | 20 27 | 27.0
Invocations    | 4 21 27 | 27.0
Armour         | 13 27 | 27.0
Stealth        | 20 27 | 27.0
Throwing       | 18 27 | 27.0
Unarmed Combat | 20 | 20.5
Spellcasting   | 19 | 19.1

Action                   |  1- 3 |  4- 6 |  7- 9 | 10-12 | 13-15 | 16-18 | 19-21 || total
-------------------------+-------+-------+-------+-------+-------+-------+-------++-------
Melee: Executioner's axe |     1 |       |       |       |     3 |     3 |     2 ||     9
Dodge: Dodged            |       |       |       |       |       |       |     3 ||     3
